 Dungeon Crawl Stone Soup version 0.29-a0-819-g94b489e0ae (webtiles) character file.

Game seed: 5931083747205210487

14313 Shayle the Unseen (level 12, -1/120 HPs)
             Began as a Naga Brigand on July 6, 2022.
             Was a Follower of Ashenzari.
             Slain by a four-headed hydra (5 damage)
             ... on level 2 of the Lair of Beasts.
             The game lasted 00:49:13 (19203 turns).

Shayle the Unseen (Naga Brigand)                   Turns: 19203, Time: 00:49:14

Health: -1/120     AC: 14    Str: 18    XL:     12   Next: 15%
Magic:  26/26      EV:  8    Int: 15    God:    Ashenzari [*.....]
Gold:   646        SH:  0    Dex: 12    Spells: 28/31 levels left

rFire   + . .      SeeInvis +   k - +4 battleaxe (flame)
rCold   + . .      Faith    .   (shield currently unavailable)
rNeg    . . .      Spirit   .   t - +3 ring mail "Ecagufieh" {Will+ Str+2}
rPois   +          Reflect  .   (no helmet)
rElec   .          Harm     .   c - +1 cloak
rCorr   .          Rampage  .   L - +2 pair of gloves
Will    ++...                   (no barding)
Stlth   ++++++....              (no amulet)
HPRegen 0.30/turn               n - ring of Ashenzari's Pragmatism {rC+, Elem, Comp} (curse)
MPRegen 0.20/turn               P - ring "Cursed Gnosis" {rF+, Fort, Comp} (curse)

@: very slow
A: AC +4, large, see invisible, deformed body, poison resistance, slowness 2,
spit poison 1, naga tail 1
a: Spit Poison, Renounce Religion, Curse Item, Shatter the Chains


You were on level 2 of the Lair of Beasts.
You worshipped Ashenzari.
Ashenzari was aware of your devotion.
You visited 3 branches of the dungeon, and saw 13 of its levels.

You collected 730 gold pieces.
You spent 84 gold pieces at shops.

Inventory:

Hand Weapons
 k - a +4 battleaxe of flaming (weapon)
 p - a +1 short sword of draining
 B - a +6 rapier of venom
 C - the +7 war axe of Resumed Hostilities {spect, MP+9 Dex+2}
   (You found it on level 1 of the Lair of Beasts)

   When its wielder attacks, the weapon's spirit leaps out and strikes again.
   The spirit shares a part of any damage it takes with its wielder.
   Dex:       It affects your dexterity (+2).
   MP:        It affects your magic capacity (+9).
 O - the +8 double sword "Lyt Vuji" {venom, rElec Will- Str+2}
   (You found it on level 2 of the Lair of Beasts)

   It poisons the flesh of those it strikes.
   Str:       It affects your strength (+2).
   rElec:     It insulates you from electricity.
   Will:      It decreases your willpower.
 V - a +3 vampiric dagger
Missiles
 d - 34 poisoned darts
 r - 7 javelins
 U - a throwing net
 Y - 6 curare-tipped darts (quivered)
Armour
 a - the +1 robe of Incorporation {Rampage Int-2 Dex+7 Archmagi}
   (You found it on level 3 of the Dungeon)

   Int:       It affects your intelligence (-2).
   Dex:       It affects your dexterity (+7).
   Rampage:   It bestows one free step when moving towards enemies.
   Archmagi:  It increases the power of your magical spells.
 b - a +0 robe
 c - a +1 cloak (worn)
 e - a +2 robe of cold resistance
 s - a scarf of repulsion
 t - the +3 ring mail "Ecagufieh" (worn) {Will+ Str+2}
   (You found it on level 2 of the Dungeon)

   Str:       It affects your strength (+2).
   Will:      It increases your willpower.
 y - a +0 troll leather armour
 J - a +2 robe of fire resistance
 L - a +2 pair of gloves (worn)
 S - +0 steam dragon scales
Jewellery
 n - the cursed ring of Ashenzari's Pragmatism (left hand) {rC+, Elem, Comp}
   (You found it on level 1 of the Dungeon)

   [ring of protection from cold]

   rC:        It protects you from cold.
   It has a curse which improves the following skills: Elements: Fire Magic, Ice
   Magic, Air Magic and Earth Magic.
   Companions: Summonings and Necromancy.
 v - a +6 ring of intelligence
 E - a +6 ring of intelligence
 G - a ring of fire
 P - the cursed ring "Cursed Gnosis" (right hand) {rF+, Fort, Comp}
   (You found it on level 5 of the Dungeon)

   [ring of protection from fire]

   rF:        It protects you from fire.
   It has a curse which improves the following skills: Fortitude: Armour and
   Shields.
   Companions: Summonings and Necromancy.
 T - a ring of fire
Wands
 u - a wand of paralysis (4)
 D - a wand of mindburst (5)
 I - a wand of roots (2)
 K - a wand of polymorph (19)
 Q - a wand of flame (20)
Scrolls
 g - 4 scrolls of teleportation
 l - 2 scrolls of magic mapping
 m - 2 scrolls of amnesia
 q - a scroll of fog
 x - 2 scrolls of silence
Potions
 f - 2 potions of curing
 h - 2 potions of cancellation
 j - a potion of degeneration
 o - 3 potions of mutation
 w - a potion of attraction
 z - 4 potions of flight
 A - 3 potions of haste
 F - a potion of brilliance
 H - 3 potions of magic
 M - 3 potions of ambrosia
 N - 2 potions of might


   Skills:
 + Level 11.2 Fighting
 - Level 2.0 Short Blades
 - Level 1.7 Throwing
 - Level 0.7 Dodging
 - Level 17.0 Stealth
 + Level 10.1 Spellcasting
 + Level 2.0(3.0) Necromancy
 + Level 2.0 Transmutations
 + Level 2.0(2.7) Fire Magic
 + Level 2.0(2.7) Earth Magic


You had 28 spell levels left.
You knew the following spells:

 Your Spells              Type           Power      Damage    Failure   Level
a - Call Canine Familiar  Summ           8%         N/A       43%         3

Your spell library contained the following spells:

 Spells                   Type           Power      Damage    Failure   Level
 Necrotise                Necr           64%        1d7       4%          1
 Summon Small Mammal      Summ           32%        N/A       16%         1
 Apportation              Tloc           14%        N/A       17%         1
 Inner Flame              Hex/Fire       11%        N/A       30%         3
 Gell's Gravitas          Tloc           7%         N/A       45%         3
 Lesser Beckoning         Tloc           7%         N/A       45%         3
 Portal Projectile        Hex/Tloc       14%        N/A       45%         3
 Teleport Other           Tloc           7%         N/A       45%         3
 Animate Armour           Summ/Erth      22%        N/A       67%         4
 Leda's Liquefaction      Hex/Erth       5%         N/A       69%         4
 Cause Fear               Hex            3%         N/A       86%         4
 Blade Hands              Tmut           6%         N/A       91%         5
 Iron Shot                Conj/Erth      5%         9d2       100%        6
 Discord                  Hex            3%         N/A       100%        8


Dungeon Overview and Level Annotations

Branches:
Dungeon (10/15)            Temple (1/1) D:7            Lair (2/6) D:9
    Orc (0/2) D:9
  Swamp: Lair:2-4    Shoals: Lair:2-4     Snake: Lair:2-4    Spider: Lair:2-4

Altars:
Ashenzari
Cheibriados
Dithmenos
Elyvilon
Fedhas
Gozag
Hepliaklqana
Kikubaaqudgha
Makhleb
Nemelex Xobeh
Okawaru
Qazlal
Ru
Sif Muna
Trog
Uskayaw
Vehumet
Wu Jian
Xom
Yredelemnul
Zin
The Shining One

Shops:
D:7 *

Annotations:
D:3 1 runed translucent door, Crazy Yiuf
Lair:2 1 runed translucent door, flotson's ghost, journeyman DsDe


Innate Abilities, Weirdness & Mutations

Your serpentine skin is tough. (AC +4)
You have supernaturally acute eyesight. (SInv)
Armour fits poorly on your strangely shaped body.
Your system is resistant to poisons. (rPois)
You cover ground very slowly.
You can spit poison.
You have a snake-like lower body.


Message History

The six-headed hydra bites you but does no damage.
The six-headed hydra closely misses you.
The six-headed hydra bites you but does no damage. x2
The six-headed hydra bites you.
You slice one of the six-headed hydra's heads off!
The flame cauterises the wound!
You slash the five-headed hydra! You burn the five-headed hydra.
The five-headed hydra is severely wounded.
The five-headed hydra barely misses you.
The five-headed hydra bites you!
* * * LOW HITPOINT WARNING * * *
The five-headed hydra bites you!
* * * LOW HITPOINT WARNING * * *
The five-headed hydra bites you!
* * * LOW HITPOINT WARNING * * *
The five-headed hydra bites you but does no damage.
Unknown command.
As you read the scroll of fear, it crumbles to dust.
You assume a fearsome visage.
The five-headed hydra resists with almost no effort.
The five-headed hydra closely misses you.
The five-headed hydra bites you but does no damage. x3
The five-headed hydra bites you!
* * * LOW HITPOINT WARNING * * *
Okay, then.
Aiming: Paralyse
Press: ? - help, Shift-Dir - straight line, f - five-headed hydra
Aim: a five-headed hydra (severely wounded, chance to affect: 17%)
Okay, then.
Aiming: Mindburst
Press: ? - help, Shift-Dir - straight line, f - five-headed hydra
Aim: a five-headed hydra (severely wounded, chance to affect: 29%)
Okay, then.
Okay, then.
You hack one of the five-headed hydra's heads off!
The flame cauterises the wound!
You hit the four-headed hydra. You burn the four-headed hydra.
The four-headed hydra is severely wounded.
The four-headed hydra bites you.
You die...

≈≈≈≈≈≈≈.≈≈≈≈≈P...... #
...P≈≈≈.≈≈≈≈≈≈...... #}
PP.≈.≈..≈≈≈≈≈≈≈....P
#.#########...≈≈≈≈≈≈....#
#...≈.P#≈.#≈..P≈≈≈≈≈≈P..#
#.≈P.P≈#≈≈#≈.≈.P≈≈≈≈≈P..#
#≈≈≈..≈#≈#.#'#≈.≈≈≈≈≈≈..#
#P≈≈≈.≈#≈≈#.≈#≈..≈≈≈≈≈P.#
#..P≈≈.D@≈'≈≈#≈.PP≈≈≈≈P##
##################≈≈≈≈##
#####


You could see a four-headed hydra.

Vanquished Creatures
  Harold (D:9)
  Pikel (D:8)
  2 merfolk sirens (Lair:2)
  A black mamba (Lair:2)
  Maurice (D:8)
  2 cane toads (Lair:2)
  3 komodo dragons
  A rime drake (Lair:1)
  Psyche (D:8)
  A kobold demonologist (D:10)
  A merfolk (Lair:2)
  A troll (D:9)
  A hornet (D:8)
  A vampire (D:9)
  25 yaks
  A basilisk (Lair:2)
  3 steam dragons
  Duvessa (D:5)
  5 water moccasins
  3 orc warriors
  2 sky beasts (D:7)
  A black bear (D:6)
  3 ice beasts
  7 ogres
  3 wolves
  A centaur (D:9)
  3 kobold brigands
  5 necrophages
  5 bullfrogs
  A wyvern zombie (D:5)
  4 gnoll sergeants
  A scorpion (D:6)
  A wight (D:7)
  Dowan (D:5)
  8 killer bees
  4 howler monkeys
  An iron imp (D:3)
  3 orc priests
  A hound (D:5)
  3 iguanas
  Natasha (thrice) (D:4)
  3 orc wizards
  2 howler monkey zombies (D:5)
  21 gnolls
  10 adders
  A white imp (D:6)
  2 worms (D:2)
  A dart slug (D:1)
  15 orcs
  8 endoplasms
  4 giant cockroaches
  2 hobgoblins (D:1)
  5 jackals
  2 quokkas
  12 ball pythons
  4 bats
  8 frilled lizards
  7 goblins
  21 kobolds
  2 rats
247 creatures vanquished.

Vanquished Creatures (collateral kills)
  An orc (D:9)
1 creature vanquished.

Vanquished Creatures (others)
  4 gnolls (D:8)
  A bush (D:5)
  4 fungi
  56 plants
65 creatures vanquished.

Grand Total: 313 creatures vanquished

Notes
Turn   | Place    | Note
-------+----------+-------------------------------------------
     0 | D:1      | Shayle the Naga Brigand began the quest for the Orb.
     0 | D:1      | Reached XP level 1. HP: 19/19 MP: 1/1
   118 | D:1      | Reached skill level 6 in Stealth
   137 | D:1      | Reached XP level 2. HP: 18/26 MP: 2/2
   714 | D:1      | Reached skill level 1 in Spellcasting
   890 | D:2      | Reached XP level 3. HP: 22/33 MP: 4/4
  1186 | D:2      | Identified the +3 ring mail "Ecagufieh" {Will+ Str+2}
  1400 | D:2      | Found a faded altar of an unknown god.
  1683 | D:3      | Reached XP level 4. HP: 42/42 MP: 6/6
  1755 | D:3      | Found an ancient bone altar of Kikubaaqudgha.
  1821 | D:3      | Reached skill level 7 in Stealth
  1908 | D:3      | Identified the +1 robe of Incorporation {Rampage Int-2
                  | Dex+7 Archmagi}
  2129 | D:3      | Found a snail-covered altar of Cheibriados.
  2138 | D:3      | Reached XP level 5. HP: 49/49 MP: 8/8
  2173 | D:3      | Found a runed translucent door.
  2174 | D:3      | Noticed Crazy Yiuf
  2444 | D:4      | Found a stormy altar of Qazlal.
  2447 | D:4      | Noticed Natasha
  2457 | D:4      | Killed Natasha
  2495 | D:4      | Noticed Natasha
  2503 | D:4      | Killed Natasha
  2504 | D:4      | Reached XP level 6. HP: 57/57 MP: 8/10
  2567 | D:4      | Reached skill level 8 in Stealth
  2686 | D:4      | Noticed Natasha
  2691 | D:4      | Killed Natasha
  2995 | D:4      | Noticed an ice beast
  3018 | D:4      | Killed an ice beast
  3019 | D:4      | Reached XP level 7. HP: 55/66 MP: 10/12
  3156 | D:4      | Found a hide-covered altar of Uskayaw.
  3478 | D:5      | Entered Level 5 of the Dungeon
  3532 | D:5      | Noticed Duvessa
  3532 | D:5      | Noticed Dowan
  3553 | D:5      | Killed Duvessa
  3554 | D:5      | Reached skill level 9 in Stealth
  3561 | D:5      | Killed Dowan
  3715 | D:5      | Found a blossoming altar of Fedhas.
  3754 | D:5      | Found a radiant altar of Vehumet.
  3878 | D:5      | Reached skill level 5 in Fighting
  4806 | D:5      | Reached XP level 8. HP: 55/74 MP: 14/14
  4817 | D:5      | Reached skill level 10 in Stealth
  5161 | D:6      | Reached skill level 5 in Spellcasting
  5167 | D:6      | Found a burning altar of Makhleb.
  5513 | D:6      | Reached skill level 11 in Stealth
  5617 | D:6      | Found a shadowy altar of Dithmenos.
  6212 | D:7      | Found Qigak's Assorted Antiques.
  6241 | D:7      | Found a staircase to the Ecumenical Temple.
  6253 | Temple   | Entered the Ecumenical Temple
  6289 | Temple   | Became a worshipper of Ashenzari the Shackled
  6398 | D:7      | Reached XP level 9. HP: 47/85 MP: 17/17
  6632 | D:7      | Reached skill level 12 in Stealth
  6800 | D:7      | You fall into a shaft and drop 1 floor!
  7141 | D:8      | Found an opulent altar of Gozag.
  7280 | D:7      | Bought a scroll of teleportation for 84 gold pieces
  7541 | D:8      | Found a glowing golden altar of the Shining One.
  7544 | D:8      | Found a hazy altar of Hepliaklqana.
  8021 | D:8      | Noticed Psyche
  8031 | D:8      | Killed Psyche
  8158 | D:8      | HP: 3/87 [yak (3)]
  8523 | D:8      | Reached skill level 13 in Stealth
  8587 | D:8      | Found a shimmering blue altar of Sif Muna.
  8796 | D:8      | Reached XP level 10. HP: 33/96 MP: 20/20
  9078 | D:7      | HP: 2/86 [wight/+3 battleaxe (15)]
  9473 | D:8      | Noticed Maurice
  9493 | D:8      | Killed Maurice
  9543 | D:8      | Noticed Pikel
  9584 | D:8      | Killed Pikel
  9585 | D:8      | Reached skill level 14 in Stealth
  9865 | D:9      | Noticed Harold
  9891 | D:9      | Killed Harold
  9911 | D:10     | Entered Level 10 of the Dungeon
 10221 | D:10     | Noticed a kobold demonologist
 10330 | D:10     | Killed a kobold demonologist
 10466 | D:10     | Found an iron altar of Okawaru.
 10946 | D:9      | Reached skill level 15 in Stealth
 10955 | D:9      | HP: 3/99 [killer bee (6)]
 11383 | D:9      | Found a staircase to the Orcish Mines.
 11390 | D:9      | Found a staircase to the Lair.
 11398 | Lair:1   | Entered Level 1 of the Lair of Beasts
 11435 | D:9      | HP: 7/148 [ogre/+0 giant spiked club (13)]
 11827 | D:9      | Learned a level 3 spell: Call Canine Familiar
 11944 | D:9      | Reached * piety under Ashenzari
 12170 | D:9      | Reached XP level 11. HP: 79/108 MP: 23/23
 12717 | D:9      | Reached skill level 10 in Fighting
 14395 | D:9      | Reached skill level 16 in Stealth
 17392 | Lair:1   | Identified the +7 war axe of Resumed Hostilities {spect,
                  | MP+9 Dex+2}
 18109 | Lair:1   | Found a bloodstained altar of Trog.
 18186 | Lair:2   | Reached skill level 17 in Stealth
 18393 | Lair:2   | Reached skill level 1 in Earth Magic
 18393 | Lair:2   | HP: 3/166 [yak (7)]
 18395 | Lair:2   | Reached skill level 10 in Spellcasting
 18396 | Lair:2   | Reached skill level 1 in Necromancy
 18396 | Lair:2   | Reached skill level 1 in Transmutations
 18396 | Lair:2   | Reached skill level 1 in Fire Magic
 18397 | Lair:2   | Reached XP level 12. HP: 5/120 MP: 26/26
 18830 | Lair:2   | Noticed flotson's ghost (journeyman DsDe)
 18831 | Lair:2   | Found a runed translucent door.
 18865 | Lair:2   | Identified the +8 double sword "Lyt Vuji" {venom, rElec
                  | Will- Str+2}
 19193 | Lair:2   | Noticed an eight-headed hydra
 19202 | Lair:2   | HP: 4/120 [five-headed hydra (11)]
 19203 | Lair:2   | Slain by a four-headed hydra

Illustrated notes

Levels and vault maps discovered:
D:1:      minmay_arrival_open_corners, layout_basic, minmay_pentomino_q2
D:2:      layout_rooms, hellmonk_ecumenical_altar_zigzags,
          nicolae_figureground_pulse
D:3:      layout_rooms, slow_altar_2, mainiacjoe_overflow_boulevard,
          serial_corexii_hall, corexii_hall_statues_i, corexii_hall_statues_t,
          wad_floor_pattern_untrapped, uniq_crazy_yiuf_cottage
D:4:      layout_loops_corners, marbit_many_paths,
          nicolae_qazlal_general_emergency, uniq_natasha
D:5:      layout_loops_ring, overflow_temple_1_default,
          fedhas_altar_decomposition, uniq_duvessa
D:6:      layout_basic, general_overflow_altar,
          mainiacjoe_overflow_six_doors_small
D:7:      layout_loops_ring, minmay_temple_entry_statues, serial_shops,
          nicolae_shop_overgrown_old_shop, minmay_misc_feat_tiny
D:8:      layout_gridville, old_standard_altar,
          mainiacjoe_overflow_concentric_impassable, grunt_temple_overflow_open,
          roderic_nine_men_s_morris, grunt_ogre_cave, uniq_maurice, uniq_pikel,
          uniq_psyche
D:9:      layout_basic, david_lair_shrubbed,
          kennysheep_orc_monster_closet_entryway, st_stairs_12, uniq_harold
D:10:     layout_roguey, mainiacjoe_overflow_surrounded_room,
          chequers_serial_rivers_small_b
Temple:   chequers_temple_sunken
Lair:1:   layout_long_grid, basic_altar
Lair:2:   cheibrodos_lair_river_kwai, layout_chaotic_city,
          elwin_shoals_entry_stream, spider_nest_entry_a,
          hellmonk_ghost_happy_afterlife, minivault_19, lemuel_fruit_fields,
          lemuel_fruit_tree, infiniplex_staircase_pool

Skill      XL: |  1  2  3  4  5  6  7  8  9 10 11 12 |
---------------+-------------------------------------+-----
Stealth        | 6 7 8 9 11 13 15 17 | 17.0
Spellcasting   | 1 2 3 4 5 7 8 10 | 10.1
Fighting       | 3 4 5 6 8 9 11 | 11.2
Earth Magic    | 1 2 |  2.0
Necromancy     | 1 2 |  2.0
Transmutations | 1 2 |  2.0
Fire Magic     | 1 2 |  2.0
Short Blades   | |  2.0
Throwing       | |  1.7
Dodging        | |  0.7

Action                   |  1- 3 |  4- 6 |  7- 9 | 10-12 || total
-------------------------+-------+-------+-------+-------++-------
Melee: Dagger            |    17 |       |       |       ||    17
       Short sword       |    47 |    26 |       |       ||    73
       Punch             |     1 |     1 |     3 |     5 ||    10
       Rapier            |       |    72 |   297 |   394 ||   763
       War axe           |       |       |       |    46 ||    46
       Battleaxe         |       |       |       |     4 ||     4
       Double sword      |       |       |       |     4 ||     4
Throw: Dart              |    30 |    13 |     5 |    22 ||    70
       Throwing net      |       |       |       |     7 ||     7
Invok: Curse Item        |       |       |       |     2 ||     2
 Abil: Spit Poison       |    21 |     4 |     2 |    15 ||    42
Evoke: Wand              |       |       |     2 |     8 ||    10
  Use: Scroll            |       |       |    10 |    16 ||    26
       Potion            |       |       |     8 |     8 ||    16
 Stab: Sleeping          |     8 |     6 |     9 |     7 ||    30
       Held in net/web   |       |       |       |     2 ||     2
       Distracted        |       |       |       |     2 ||     2
Armor: Robe              |     4 |       |       |       ||     4
       Ring mail         |    14 |    41 |   169 |   285 ||   509
       Skin              |       |       |    24 |    29 ||    53
Dodge: Dodged            |    36 |    43 |   127 |   260 ||   466

Table legend: (Time is in decaauts)
 A = Elapsed time spent in this place.
 B = Non-inter-level travel time spent in this place.
 C = Inter-level travel time spent in this place.
 D = Time resting spent in this place.
 E = Time spent auto-exploring this place.
 F = Levels seen in this place.
 G = Mean time per level.
                   A        B        C        D        E       F      G
               +--------+--------+--------+--------+--------+-----+--------+
         Total |  22517 |  21770 |    747 |   8028 |   9025 |  13 | 1732.1 |
       Dungeon |  19993 |  19278 |    715 |   6928 |   8157 |  10 | 1999.3 |
        Temple |     86 |     54 |     32 |      0 |     40 |   1 |   86.0 |
          Lair |   2437 |   2437 |      0 |   1100 |    828 |   2 | 1218.5 |
               +--------+--------+--------+--------+--------+-----+--------+

Top non-repeatable levels by time:
     D:9: 4782 daAuts
     D:8: 4479 daAuts
     D:5: 1919 daAuts
     D:7: 1605 daAuts
     D:4: 1524 daAuts
  Lair:1: 1441 daAuts
    D:10: 1418 daAuts
     D:1: 1177 daAuts
     D:3: 1127 daAuts
     D:6: 1039 daAuts
  Lair:2: 995 daAuts
     D:2: 919 daAuts
  Temple: 86 daAuts
